 Dungeon Crawl Stone Soup version 0.15.2 (webtiles) character file.

7013 glosham the Bludgeoner (level 11, -7/113 HPs)
             Began as an Ogre Arcane Marksman on Apr 8, 2017.
             Was a High Priest of Trog.
             Mangled by a swamp worm (20 damage)
             ... on Level 9 of the Dungeon.
             The game lasted 02:15:34 (7502 turns).

glosham the Bludgeoner (Ogre Arcane Marksman)       Turns: 7502, Time: 02:15:34

HP  -7/113       AC  6     Str 18      XL: 11   Next:  8%
MP  23/23        EV 10     Int 15 (17) God: Trog [*****.]
Gold 343         SH  0     Dex 12      Spells:  2 memorised,  9 levels left

rFire  . . .     SeeInvis .     a - +2 dire flail
rCold  . . .     Clarity  .     X - +0 robe
rNeg   + . .     rCorr    .     (shield restricted)
rPois  +         rRot     .     (helmet restricted)
rElec  .         Spirit   .     Y - +2 cloak {rPois}
SustAb .         Warding  +     (gloves unavailable)
rMut   .         Stasis   .     (boots unavailable)
Gourm  .                        z - amulet of warding
MR     +....                    B - +5 ring of intelligence
                                A - ring of magical power

@: exhausted, slowed, very slow, somewhat resistant to hostile enchantments,
very unstealthy
A: unfitting armour, tough skin 1
a: Burn Spellbooks, Berserk, Trog's Hand, Brothers in Arms, Renounce Religion


You were on level 9 of the Dungeon.
You worshipped Trog.
Trog was extremely pleased with you.
You were very hungry.

You visited 2 branches of the dungeon, and saw 10 of its levels.

You collected 343 gold pieces.

Inventory:

Hand weapons
 a - a +2 dire flail (weapon)
 b - a +4 halberd of venom
 c - a +0 giant club
 O - a +1 blowgun of evasion
Missiles
 d - 7 large rocks
 e - 2 poisoned javelins
 f - 17 tomahawks (quivered)
 j - 218 stones
 n - 67 poisoned needles
 p - 7 needles of confusion
 M - 3 throwing nets
 T - 4 javelins of returning
Armour
 X - a +0 robe (worn)
 Y - a +2 cloak of poison resistance (worn)
Magical devices
 g - a wand of disintegration (8)
 h - a wand of lightning (5)
 i - a wand of draining (1)
 l - a wand of disintegration (12)
 L - a wand of cold (1)
 S - a wand of disintegration (1)
Comestibles
 H - 9 meat rations
 I - 5 bread rations
 J - 3 beef jerkies
 K - 4 fruits
Scrolls
 k - 3 scrolls of teleportation
 m - a scroll of fog
 o - a scroll of remove curse
 q - a scroll of recharging
 P - a scroll of magic mapping
 Q - a scroll of amnesia
Jewellery
 z - an amulet of warding (around neck)
 A - a ring of magical power (left hand)
 B - a +5 ring of intelligence (right hand)
Potions
 r - 2 potions of porridge
 s - a potion of curing
 t - 3 potions of haste
 u - 2 potions of lignification
 v - 2 potions of mutation {!q}
 w - 2 potions of restore abilities
 x - 3 potions of agility
 y - a potion of invisibility
 C - a potion of heal wounds {unknown}
 D - a potion of cancellation {unknown}
 N - a potion of poison {unknown}
 R - a potion of flight {unknown}
Books
 E - a book of Party Tricks

   Spells                             Type                      Level
   *Summon Butterflies                Summoning                    1
   Apportation                        Translocation                1
   *Blink                             Translocation                2
   Tukima's Dance                     Hexes                        3
   Alistair's Intoxication            Transmutation/Poison         4
   Trog disapproves of the use of such an item.
 F - a book of Debilitation

   Spells                             Type                      Level
   Corona                             Hexes                        1
   Slow                               Hexes                        2
   Inner Flame                        Hexes/Fire                   3
   Enslavement                        Hexes                        4
   Cause Fear                         Hexes                        4
   Leda's Liquefaction                Hexes/Earth                  4
   Trog disapproves of the use of such an item.
 G - a book of Maledictions

   Spells                             Type                      Level
   Corona                             Hexes                        1
   Sure Blade                         Hexes/Charms                 2
   Ensorcelled Hibernation            Hexes/Ice                    2
   Confuse                            Hexes                        3
   Dazzling Spray                     Conjuration/Hexes            3
   Enslavement                        Hexes                        4
   Trog disapproves of the use of such an item.


   Skills:
 * Level 8.4 Fighting
 * Level 16.3 Maces & Flails
 + Level 8.2 Throwing
 + Level 2.3 Dodging
 - Level 1.2 Spellcasting
   Level 2.1 Hexes


You had 9 spell levels left.
You knew the following spells:

 Your Spells              Type           Power        Failure   Level  Hunger
B - Blink                 Tloc           N/A          38%         2    ###....
S - Summon Butterflies    Summ           #.......     28%         1    ##.....


Dungeon Overview and Level Annotations

Branches:
Dungeon (9/15)             Temple (1/1) D:4
    Orc: D:9-12        Lair: D:8-11

Altars:
Ashenzari
Cheibriados
Dithmenos
Elyvilon
Fedhas
Kikubaaqudgha
Makhleb
Nemelex Xobeh
Okawaru
Qazlal
Sif Muna
Trog
Vehumet
Xom
Yredelemnul
Zin
The Shining One

Shops:
D:6 :


Innate Abilities, Weirdness & Mutations

You are too large for most types of armour.
You have tough skin (AC +1).


Message History

The swamp worm barely misses you.
You puncture the swamp worm!
You kill the swamp worm!
Trog accepts your kill.
You sock the worm!
The worm is heavily wounded.
The swamp worm moves out of view.
You sock the worm!
You kill the worm!
Trog accepts your kill.
You sock the swamp worm!
The swamp worm is lightly wounded.
You thump the swamp worm!
The swamp worm is heavily wounded.
The swamp worm bites you!!
* * * LOW HITPOINT WARNING * * *
You sock the swamp worm!
The swamp worm is almost dead.
You closely miss the swamp worm.
The swamp worm is almost dead.
The swamp worm bites you!
* * * LOW HITPOINT WARNING * * *
You hit the swamp worm.
You kill the swamp worm!
Trog accepts your kill.
You closely miss the swamp worm.
You are no longer berserk.
You are exhausted.
You feel yourself slow down.
You are feeling very hungry.
Use which ability? (? or * to list)
You can't do that.
Adjust (i)tems, (s)pells, or (a)bilities?
Adjust which ability? c - Brothers in Arms Adjust to which letter?
Moving to: B - Brothers in Arms Use which ability? (? or * to list)
Your iron troll goes berserk!
You feel somewhat more hungry. The swamp worm bites you!!
You die...

##..............
#........####. # .#
#........≈≈≈≈≈≈≈##.##
#......≈≈≈≈≈≈≈≈≈≈≈..#
#...<.≈≈≈#######≈≈≈.#
##.....≈≈##≈≈≈≈≈#P≈≈.#
.......≈≈#=≈≈≈ww{P≈≈.#
#.#####≈≈##≈≈www#P≈≈.#
.....##≈≈≈######@≈≈≈#
≈###.##.≈≈≈≈≈≈≈≈≈≈≈##
≈#.#......≈≈≈≈≈T≈###
≈#.###.#.......###
≈#.....#.......#
≈#.###..[......#
≈#.#...........#
≈###.#.........#
.....#...#####.#


You could see a swamp worm, 4 worms and a friendly iron troll (berserk).

Vanquished Creatures
  A silver statue (D:8)
  Pikel (D:7)
  Maurice (D:9)
  Joseph (D:7)
  Grum (D:9)
  2 wolves (D:9)
  Edmund (D:7)
  Menkaure (D:7)
  7 swamp worms (D:9)
  An ice beast (D:5)
  4 slaves (D:7)
  2 phantoms
  5 ogres
  A water moccasin (D:7)
  A black bear (D:7)
  A necrophage (D:8)
  3 sky beasts (D:5)
  2 orc warriors
  A centaur (D:8)
  A brain worm (D:9)
  4 giant frogs
  A big kobold (D:8)
  5 scorpions
  6 wights
  6 orc priests
  5 crimson imps
  A goliath beetle (D:6)
  5 hounds
  4 electric eels (D:9)
  2 jellies (D:5)
  5 worker ants
  Crazy Yiuf (D:4)
  An elf skeleton (D:9)
  4 orc wizards
  A giant frog skeleton (D:9)
  An iguana (D:7)
  A two-headed ogre skeleton (D:6)
  Natasha (twice) (D:6)
  Jessica (D:3)
  6 gnolls
  4 shadow imps
  11 adders
  3 giant mites (D:3)
  12 worms
  An orc zombie (D:7)
  6 giant geckos
  An ooze (D:1)
  30 orcs
  11 bats
  A bat skeleton (D:5)
  2 bat zombies
  A giant cockroach (D:1)
  7 goblins
  15 hobgoblins
  13 jackals
  3 quokkas
  A ball python (D:2)
  4 giant newts
  2 hobgoblin skeletons
  13 kobolds
  11 rats
  A rat skeleton (D:4)
253 creatures vanquished.

Vanquished Creatures (others)
  A plant (D:9)
1 creature vanquished.

Grand Total: 254 creatures vanquished

Notes
Turn   | Place    | Note
--------------------------------------------------------------
     0 | D:1      | glosham, the Ogre Arcane Marksman, began the quest for the Orb.
     0 | D:1      | Reached XP level 1. HP: 19/19 MP: 2/2
   168 | D:2      | Reached skill level 2 in Maces & Flails
   168 | D:2      | Reached XP level 2. HP: 11/27 MP: 3/3
   307 | D:4      | Learned a level 2 spell: Blink
   376 | D:3      | Reached skill level 2 in Fighting
   417 | D:3      | Found a sparkling altar of Nemelex Xobeh.
   446 | D:2      | Reached skill level 3 in Maces & Flails
   446 | D:2      | Reached XP level 3. HP: 6/36 MP: 4/4
   502 | D:2      | Learned a level 1 spell: Summon Butterflies
   610 | D:3      | Reached skill level 3 in Fighting
   656 | D:4      | Reached skill level 4 in Fighting
   656 | D:4      | Reached XP level 4. HP: 17/49 MP: 6/6
   732 | D:4      | Noticed Crazy Yiuf
   740 | D:4      | Killed Crazy Yiuf
   740 | D:4      | Reached skill level 5 in Fighting
   882 | D:4      | Reached XP level 5. HP: 37/58 MP: 7/7
   991 | D:4      | Found a staircase to the Ecumenical Temple.
  1005 | Temple   | Entered the Ecumenical Temple
  1041 | Temple   | Became a worshipper of Trog the Wrathful
  1104 | D:4      | Found a burning altar of Makhleb.
  1110 | D:4      | Noticed a scorpion
  1121 | D:4      | Killed a scorpion
  1121 | D:4      | Reached skill level 6 in Fighting
  1136 | D:4      | Reached XP level 6. HP: 63/68 MP: 8/8
  1188 | D:3      | Noticed Jessica
  1192 | D:3      | Killed Jessica
  1192 | D:3      | Reached skill level 7 in Fighting
  1222 | D:3      | Acquired Trog's first power
  1880 | D:1      | Acquired Trog's second power
  2673 | D:4      | Reached skill level 4 in Maces & Flails
  2827 | D:5      | Entered Level 5 of the Dungeon
  2932 | D:5      | Reached skill level 5 in Maces & Flails
  2932 | D:5      | Reached XP level 7. HP: 60/78 MP: 9/9
  2960 | D:5      | Reached skill level 6 in Maces & Flails
  3049 | D:5      | Reached skill level 7 in Maces & Flails
  3147 | D:5      | Reached skill level 8 in Maces & Flails
  3147 | D:5      | Reached XP level 8. HP: 26/87 MP: 11/11
  3589 | D:6      | Reached skill level 9 in Maces & Flails
  3627 | D:6      | Found a shattered altar of Ashenzari.
  3630 | D:6      | Noticed Natasha
  3636 | D:6      | Killed Natasha
  3715 | D:6      | Reached skill level 10 in Maces & Flails
  3822 | D:6      | Found Schodymango's Book Emporium.
  3928 | D:5      | Reached skill level 11 in Maces & Flails
  4071 | D:5      | Received a gift from Trog
  4184 | D:5      | Reached XP level 9. HP: 36/93 MP: 12/12
  4205 | D:5      | Reached skill level 12 in Maces & Flails
  4315 | D:6      | Acquired Trog's third power
  4612 | D:7      | Noticed Menkaure
  4623 | D:7      | Killed Menkaure
  4623 | D:7      | Reached skill level 13 in Maces & Flails
  4842 | D:7      | Noticed Joseph
  4882 | D:7      | Killed Joseph
  4882 | D:7      | Reached skill level 14 in Maces & Flails
  5024 | D:6      | Noticed Natasha
  5030 | D:6      | Killed Natasha
  5266 | D:6      | Found a blossoming altar of Fedhas.
  5397 | D:7      | Noticed Edmund
  5407 | D:7      | Killed Edmund
  5503 | D:7      | Noticed Pikel
  5522 | D:7      | Killed Pikel
  5522 | D:7      | Reached skill level 15 in Maces & Flails
  5522 | D:7      | Reached XP level 10. HP: 102/102 MP: 13/13
  6260 | D:8      | Found a white marble altar of Elyvilon.
  6286 | D:8      | Reached skill level 16 in Maces & Flails
  6315 | D:9      | Received a gift from Trog
  6383 | D:8      | Reached skill level 3 in Throwing
  6522 | D:8      | Noticed a silver statue
  6524 | D:8      | Noticed a soul eater
  6575 | D:8      | Killed a silver statue
  6575 | D:8      | Reached skill level 4 in Throwing
  6660 | D:9      | Reached skill level 5 in Throwing
  6950 | D:9      | Noticed Maurice
  6956 | D:9      | Killed Maurice
  6956 | D:9      | Reached skill level 6 in Throwing
  6985 | D:9      | Received a gift from Trog
  6987 | D:9      | Noticed Grum
  7052 | D:9      | Killed Grum
  7052 | D:9      | Reached skill level 7 in Throwing
  7347 | D:9      | Reached skill level 8 in Throwing
  7371 | D:9      | Found a shimmering altar of Xom.
  7467 | D:9      | Reached skill level 8 in Fighting
  7478 | D:9      | Reached skill level 2 in Dodging
  7478 | D:9      | Reached XP level 11. HP: 67/111 MP: 14/14
  7502 | D:9      | Mangled by a swamp worm

Action                   |  1- 3 |  4- 6 |  7- 9 | 10-12 || total
-------------------------+-------+-------+-------+-------++-------
Melee: Mace              |    23 |       |       |       ||    23
       Trident           |    25 |    25 |     1 |       ||    51
       Quarterstaff      |       |   174 |   230 |       ||   404
       Dire flail        |       |       |   101 |   212 ||   313
       Halberd           |       |       |       |    16 ||    16
       Giant club        |       |       |       |     8 ||     8
Throw: Large rock        |     2 |     1 |       |     2 ||     5
       Throwing net      |     1 |     3 |       |     3 ||     7
       Tomahawk          |       |       |    21 |    12 ||    33
       Stone             |       |       |     8 |    11 ||    19
       Javelin           |       |       |     2 |       ||     2
 Cast: Corona            |    17 |     5 |       |       ||    22
       Blink             |     2 |       |       |       ||     2
Invok: Berserk           |       |       |     8 |     6 ||    14
       Brothers in Arms  |       |       |       |     1 ||     1
Evoke: Wand              |       |       |     6 |     9 ||    15
  Use: Scroll            |     4 |    11 |     3 |     4 ||    22
 Stab: Sleeping          |       |     1 |       |       ||     1
       Petrifying        |       |       |     1 |       ||     1
       Paralysed         |       |       |     1 |       ||     1
  Eat: Chunk             |       |     8 |     9 |    10 ||    27
       Pizza             |       |       |     2 |       ||     2
       Fruit             |       |       |     2 |     3 ||     5
       Beef jerky        |       |       |     1 |       ||     1

Table legend:
 A = Turns spent in this place as a percentage of turns spent in the entire game.
 B = Non-inter-level travel turns spent in this place as a percentage of non-inter-level travel turns spent in the entire game.
 C = Inter-level travel turns spent in this place as a percentage of turns spent in this place.
 D = Turns resting spent in this place as a percentage of non-inter-level travel turns spent in this place.
 E = Turns spent auto-exploring this place as a percentage of non-inter-level travel turns spent in this place.
 F = Non-inter-level travel turns spent in this place divided by the number of levels of this place that you've seen.
                   A       B       C       D       E      F
               +-------+-------+-------+-------+-------+----------------------
         Total | 100.0 | 100.0 |   0.7 |   0.5 |   0.0 | 548.9
       Dungeon |  99.1 |  99.1 |   0.7 |   0.6 |   0.0 | 604.2
        Temple |   0.9 |   0.9 |   1.9 |   0.0 |   0.0 |  51.0
               +-------+-------+-------+-------+-------+----------------------

Table legend:
 A = Kills in this place as a percentage of kills in entire the game.
 B = Kills by you in this place as a percentage of kills by you in the entire game.
 C = Kills by friends in this place as a percentage of kills by friends in the entire game.
 D = Other kills in this place as a percentage of other kills in the entire game.
 E = Experience gained in this place as a percentage of experience gained in the entire game.
 F = Experience gained in this place divided by the number of levels of this place that you have seen.
                   A       B       C       D       E      F
               +-------+-------+-------+-------+-------+----------------------
         Total | 100.0 | 100.0 |  -nan |  -nan | 100.0 | 1001.9
       Dungeon | 100.0 | 100.0 |  -nan |  -nan | 100.0 | 1113.2
               +-------+-------+-------+-------+-------+----------------------

Vault maps used:
D:1:      minmay_arrival_five_plusses, serial_park_tiny_2
D:3:      overflow_temple_1_default, first_bread, mrwooster_statue_mirror,
          uniq_jessica
D:4:      lemuel_crystal_altar, corexii_hall_statues_s, uniq_crazy_yiuf_cottage
D:6:      kennysheep_mini_moat, serial_shops, nicolae_shop_behind_doors,
          fedhas_altar_fruit_tree, uniq_natasha
D:7:      uniq_menkaure, uniq_pikel, uniq_edmund, uniq_joseph
D:8:      minmay_statue_hallways, old_standard_altar, serial_undead,
          serial_undead_c, serial_undead_c, serial_undead_c, serial_undead_f,
          hangedman_tree_tricks
D:9:      overflow_temple_1_default, erik_orc_2, serial_shops, shop,
          eino_small_chamber_without_monster, kennysheep_nub,
          serial_bayou_lagoon_a, minivault_14, grunt_decor_cap, worms_lemuel,
          uniq_maurice, uniq_grum
Temple:   triangle_lava_temple_12
